 Dungeon Crawl Stone Soup version 0.31-a0-1581-g41d5ff3e7b (webtiles) character file.

Game seed: 10768394392505493259

2293 Descartes the Scratcher (level 9, -9/46 HPs)
             Began as a Felid Shapeshifter on Jan 5, 2024.
             Was a Follower of Jiyva.
             Killed by divine providence
             ... invoked by an orc priest
              (16 damage)
             ... on level 8 of the Dungeon.
             The game lasted 00:09:19 (6272 turns).

Descartes the Scratcher (Felid Shapeshifter)        Turns: 6272, Time: 00:09:19

Health: -9/46      AC:  2    Str: 14    XL:     9   Next: 17%
Magic:  10/10      EV: 20    Int: 15    God:    Jiyva [*.....]
Gold:   414        SH:  0    Dex: 15    Spells: 3/9 levels left
                                        Lives:  0   Deaths: 3

rFire   . .          .
                       - Unarmed
rCold   . . .        (shield unavailable)
rNeg    . . .        (body armour unavailable)
rPois   .            (helmet unavailable)
rElec   .            (cloak unavailable)
rCorr   .            (gloves unavailable)
SInv    +            (boots unavailable)
Will    +....        q - amulet of regeneration
Stlth   +++          (no ring)
HPRegen 1.87/turn    (no ring)
MPRegen 0.52/turn

%: no passive effects
@: beast-form
A: beast (slay +3), very small, claws 1, fangs 3, see invisible, shaggy fur 2,
stealthy paws, no weapons or thrown items, no armour, multi-lived
a: Begin Untransformation, Renounce Religion


You were on level 8 of the Dungeon.
You worshipped Jiyva.
Jiyva was aware of your devotion.
You were a hulking beast.
You visited 2 branches of the dungeon, and saw 9 of its levels.

You collected 414 gold pieces.

Inventory:

Jewellery
 h - an amulet of reflection
 q - an amulet of regeneration (around neck)
Talismans
 b - a beast talisman
 c - a flux talisman
 n - a blade talisman
Wands
 i - a wand of flame (30)
 o - a wand of mindburst (23)
 r - a wand of iceblast (8)
 t - a wand of charming (20)
Scrolls
 a - a scroll of noise {unknown}
 d - a scroll of fear {unknown}
 e - a scroll of torment {unknown}
 f - 6 scrolls of identify {unknown}
 g - a scroll of fog {unknown}
 k - 5 scrolls of teleportation {unknown}
 m - 2 scrolls of summoning {unknown}
 p - a scroll of enchant armour {unknown}
 s - a scroll of vulnerability {unknown}
 v - a scroll of blinking {unknown}
Potions
 j - 2 potions of curing {unknown}
 l - 2 potions of might {unknown}
 u - a potion of mutation {unknown}
 w - a potion of haste {unknown}


   Skills:
 + Level 4.7 Fighting
 + Level 6.6 Dodging
 + Level 6.2 Stealth
 * Level 7.1 Unarmed Combat
 + Level 0.5 Spellcasting
 + Level 1.2 Translocations
 * Level 6.0 Shapeshifting


You had 3 spell levels left.
You knew the following spells:

 Your Spells              Type           Power      Damage    Failure   Level
a - Dispersal             Tloc           2%         N/A       100%        6

Your spell library contained the following spells:

 Spells                   Type           Power      Damage    Failure   Level
 Call Imp                 Summ           0%         N/A       36%         2
 Sublimation of Blood     Necr           0%         N/A       36%         2
 Gell's Gravitas          Tloc           4%         N/A       43%         3
 Teleport Other           Tloc           4%         N/A       43%         3
 Summon Lightning Spire   Summ/Air       0%         N/A       95%         4
 Lee's Rapid Deconstruct  Erth           0%         3d4*      100%        5
 Summon Hydra             Summ           0%         N/A       100%        7
 Animate Armour           Summ/Erth      Unusable   N/A       N/A         4

Dungeon Overview and Level Annotations

Branches:
Dungeon (8/15)             Temple (1/1) D:7
   Lair: D:8-11

Altars:
Ashenzari
Cheibriados
Dithmenos
Elyvilon
Fedhas
Gozag
Hepliaklqana
Makhleb
Okawaru
Qazlal
Sif Muna
Trog
Uskayaw
Vehumet
Wu Jian
Xom
Yredelemnul
Zin
Jiyva

Annotations:
D:1 1 transporter


Innate Abilities, Weirdness & Mutations

You are a hulking beast.
Your limbs bulge with bestial killing power. (Slay +3)
You have sharp claws.
You have razor-sharp teeth.
You have supernaturally acute eyesight. (SInv)
You are covered in thick fur. (AC +2)
Your paws help you pounce on unaware monsters.
You are incapable of wielding weapons or throwing items.
You cannot wear armour.
You gain extra lives every three experience levels.


Message History

No target in view!
No target in view!
No target in view!
Found an escape hatch in the ceiling.
f - 4 scrolls labelled YVYOJE EGAIRA (gained 1)
Found a stone staircase leading up.
You now have 406 gold pieces (gained 10).
Jiyva begins accelerating your health and magic regeneration.
You now have 414 gold pieces (gained 8).
You pick up a book of Blood and begin reading...
You add the spells Call Imp, Sublimation of Blood and Summon Hydra to your library.
f - 6 scrolls labelled YVYOJE EGAIRA (gained 2)
i - a wand of flame (30) (gained 13 charges)
An orc wizard and a bullfrog come into view.
Found a stone staircase leading down.
An orc warrior and 2 orc priests come into view.
Found 13 gold pieces.
The orc warrior shouts!
An orc priest comes into view. It is wielding a +0 flail.
Found a stone staircase leading down.
Found a robe.
The orc warrior misses you.
The orc priest shouts! x2; The orc wizard shouts!
The bullfrog croaks.
You claw the orc warrior!
The orc warrior is moderately wounded.
You hear a shout!
You closely miss the orc warrior.
The orc warrior is moderately wounded.
You closely miss the orc warrior.
The orc warrior is moderately wounded.
The orc warrior hits you with a +0 halberd!!
The orc priest hits you with a +0 club.
The orc priest invokes the aid of Beogh against you.
Beogh smites you!
* * * LOW HITPOINT WARNING * * *
The bullfrog completely misses you. The bullfrog attacks as it pursues you!
The bullfrog barely misses you.
The orc priest invokes the aid of Beogh against you.
Beogh smites you!
You die...

.... ##...... .#. ....
[......# .. ....
###.....##.#### ....
..............# ####
............>.#
..#..o........#
#....oo.o.....#
.##o........#
#.......Fh..$.#
##.##...##.####
>.....##.#### #.#.....#....#
# #..##..###.# #....###.#
#.# ####..<# #..##.#######
##...... ##.#........#
#####..##.#.#####..........#


You could see an orc warrior, a bullfrog, 3 orc priests and an orc wizard.

Vanquished Creatures
  A sky beast (D:7)
  An ice beast (D:5)
  A black bear (D:4)
  2 ogres
  A centaur (D:8)
  2 phantoms
  3 kobold brigands (D:7)
  A bullfrog (D:6)
  3 scorpions
  4 wights (D:7)
  4 killer bees (D:8)
  2 hounds
  5 orc priests
  A gnoll bouda (D:6)
  3 jellies
  An orc wizard (D:6)
  3 sleepcaps
  3 iguanas
  8 gnolls
  7 adders
  3 shadow imps (D:6)
  2 white imps
  2 ufetubi (D:6)
  A dart slug (D:1)
  8 orcs
  9 endoplasms
  4 giant cockroaches
  7 goblins
  7 hobgoblins
  6 jackals
  2 quokkas
  6 ball pythons
  3 bats
  3 frilled lizards
  19 kobolds
  4 rats
142 creatures vanquished.

Notes
Turn   | Place    | Note
-------+----------+-------------------------------------------
     0 | D:1      | Descartes the Felid Shapeshifter began the quest for the
                  | Orb.
     0 | D:1      | Reached XP level 1. HP: 10/10 MP: 2/2
   128 | D:1      | Reached XP level 2. HP: 12/13 MP: 3/3
   399 | D:1      | Reached XP level 3. HP: 18/18 MP: 4/4
   955 | D:2      | Reached skill level 1 in Stealth
  1330 | D:2      | Found a faded altar of an unknown god.
  1337 | D:2      | Reached XP level 4. HP: 23/23 MP: 5/5
  1337 | D:2      | Gained a life (2 lives remaining)
  2314 | D:4      | Reached XP level 5. HP: 14/26 MP: 6/6
  2380 | D:4      | Found an ornate altar of the Wu Jian Council.
  2407 | D:4      | Found a shimmering altar of Xom.
  2407 | D:4      | Found a burning altar of Makhleb.
  2417 | D:4      | Succumbed to a crimson imp's poison
  2417 | D:4      | Lost a life (1 life remaining)
  2434 | D:4      | Reached skill level 4 in Unarmed Combat
  2641 | D:4      | Noticed a black bear
  2651 | D:4      | Killed a black bear
  2652 | D:4      | Gained mutation: You are covered in thick fur. (AC +2)
                  | [Felid growth]
  2652 | D:4      | Reached XP level 6. HP: 24/32 MP: 7/7
  3170 | D:4      | Found a basalt altar of Yredelemnul.
  3228 | D:4      | Found a white marble altar of Elyvilon.
  3392 | D:5      | Entered Level 5 of the Dungeon
  3397 | D:5      | Reached skill level 5 in Unarmed Combat
  3397 | D:5      | Reached XP level 7. HP: 35/35 MP: 8/8
  3397 | D:5      | Gained a life (2 lives remaining)
  3659 | D:5      | Reached skill level 5 in Dodging
  3865 | D:5      | Slain by a phantom
  3865 | D:5      | Lost a life (1 life remaining)
  4431 | D:6      | Reached XP level 8. HP: 39/40 MP: 9/9
  4640 | D:6      | Reached skill level 5 in Shapeshifting
  4681 | D:6      | Reached skill level 6 in Unarmed Combat
  4735 | D:6      | Found an iron altar of Okawaru.
  4936 | D:6      | Reached skill level 5 in Stealth
  5044 | D:6      | Found a radiant altar of Vehumet.
  5140 | D:6      | Found a shadowy altar of Dithmenos.
  5298 | D:7      | Found a blossoming altar of Fedhas.
  5597 | D:7      | Found a staircase to the Ecumenical Temple.
  5719 | Temple   | Entered the Ecumenical Temple
  5723 | Temple   | Became a worshipper of Jiyva Jasacziu the Shapeless
  5877 | D:7      | Reached skill level 7 in Unarmed Combat
  5877 | D:7      | Reached XP level 9. HP: 46/46 MP: 10/10
  5884 | D:7      | Learned a level 6 spell: Dispersal
  6200 | D:8      | Slain by a killer bee
  6200 | D:8      | Lost a life (0 lives remaining)
  6201 | D:8      | Reached skill level 1 in Translocations
  6229 | D:8      | Reached * piety under Jiyva
  6272 | D:8      | Killed from afar by an orc priest

Illustrated notes

Levels and vault maps discovered:
D:1:      spicycebolla_arrival_risky_transporter, layout_basic,
          grunt_decor_fettered
D:2:      layout_basic, shapermc_ecumenical_altar_flowoftime,
          cheibrodos_gnoll_hut
D:3:      layout_loops_corners
D:4:      cheibrodos_pilgrimage, layout_rooms,
          grunt_temple_overflow_champion_of_chaos, kennysheep_ying_yang,
          nzn_wu_jian_council_hall
D:5:      layout_basic
D:6:      layout_loops_corners, nicolae_dithmenos_through_a_glass_darkly,
          fiery_altar_vehumet, kennysheep_okawaru_gauntlet
D:7:      layout_basic, mainiacjoe_overflow_alcove_4,
          minmay_temple_entry_enclosed_plants
D:8:      layout_rooms, mainiacjoe_overflow_alcove_3, dpeg_lair_monsters
Temple:   pf_slimified_temple

Skill      XL: |  1  2  3  4  5  6  7  8  9 |
---------------+----------------------------+-----
Dodging        | 3 4 5 6 |  6.6
Shapeshifting  | 3 4 5 6 |  6.0
Stealth        | 1 2 3 4 6 |  6.2
Fighting       | 2 3 4 |  4.7
Unarmed Combat | 4 5 7 |  7.1
Translocations | 1 |  1.2
Spellcasting   | |  0.5

Action                     |  1- 3 |  4- 6 |  7- 9 || total
---------------------------+-------+-------+-------++-------
  Melee: Unarmed           |    94 |   156 |   217 ||   467
         Bite              |     9 |    23 |    24 ||    56
         Punch             |     2 |     7 |     9 ||    18
    Use: Potion            |       |     2 |     1 ||     3
   Stab: Sleeping          |     2 |     5 |    11 ||    18
         Distracted        |     1 |       |       ||     1
         Invisible         |       |     6 |     2 ||     8
 Armour: Skin              |    27 |    54 |    72 ||   153
  Dodge: Dodged            |    72 |    78 |   200 ||   350
  Block: Other             |    14 |    24 |       ||    38
         Reflection        |     1 |       |       ||     1

Table legend: (Time is in decaauts)
 A = Elapsed time spent in this place.
 B = Non-inter-level travel time spent in this place.
 C = Inter-level travel time spent in this place.
 D = Time resting spent in this place.
 E = Time spent auto-exploring this place.
 F = Levels seen in this place.
 G = Mean time per level.
                   A        B        C        D        E       F      G
               +--------+--------+--------+--------+--------+-----+--------+
         Total |   6231 |   5975 |    256 |      0 |   4884 |   9 |  692.3 |
       Dungeon |   6223 |   5967 |    256 |      0 |   4884 |   8 |  777.9 |
        Temple |      8 |      8 |      0 |      0 |      0 |   1 |    8.0 |
               +--------+--------+--------+--------+--------+-----+--------+

Top non-repeatable levels by time:
     D:3: 987 daAuts
     D:5: 954 daAuts
     D:7: 925 daAuts
     D:4: 888 daAuts
     D:6: 855 daAuts
     D:1: 789 daAuts
     D:2: 712 daAuts
     D:8: 110 daAuts
  Temple: 8 daAuts
